Funifura, chaotic female elven Wizard .).....--- .%))..)..-------------------. .......^..%.............(.@f. ..%. ......------------%.. ... |... ---- Funifura the Thaumaturge Experience level: 7 Strength: 12 Dexterity: 13 Constitution: 9 Intelligence: 19 Wisdom: 12 Charisma: 10 Health: 0(44) Energy: 36(91) AC: 6 Gold: 669 Moves: 2487 Your Inventory: Coins $ - 669 gold pieces Weapons a - a blessed +1 quarterstaff (weapon in hands) x - 2 [cursed +0] daggers (in quiver) Armor b - a blessed +0 cloak of magic resistance (being worn) u - an [uncursed] +0 studded leather armor (being worn) Comestibles D - 2 [uncursed] food rations Scrolls i - 2 uncursed scrolls of teleportation j - an uncursed scroll of food detection k - 2 uncursed scrolls of identify r - an [uncursed] scroll labeled READ ME [of charging] v - a [cursed] scroll of teleportation w - a [blessed] scroll labeled VAS CORP BET MANI [of enchant weapon] Spellbooks l - a blessed spellbook of force bolt m - an uncursed spellbook of detect food Potions f - a potion of holy water g - an uncursed potion of speed h - an uncursed potion of gain ability p - a [cursed] sparkling potion [of object detection] q - a [cursed] silver potion [of fruit juice] s - an [uncursed] dark green potion [of booze] t - an [uncursed] potion of water F - an [uncursed] indigo potion [of extra healing] Rings d - an uncursed ring of cold resistance (on right hand) e - an uncursed ring of sustain ability (on left hand) E - an [uncursed] diamond ring [of searching] G - a [cursed] wedding ring [of aggravate monster] Wands c - an uncursed wand of undead turning (0:6) C - an [uncursed] wand of slow monster [0:3] Tools n - an uncursed bell y - a [cursed] bag [sack] z - an [uncursed] blindfold A - an [uncursed] lock pick Spells known in the end: Name Level Category Fail Memory a - force bolt 1 attack 0% [||||||||] b - detect food 2 divination 37% [||||||||] Your skills at the end: Fighting Skills Weapon Skills quarterstaff [Basic / Expert] Spellcasting Skills attack spells [Basic / Expert] enchantment spells [Basic / Skilled] Final Attributes: You were piously aligned. Hunger level was 452. Your alignment was 21 / 22. Monster difficulty range was 1 - 6. Level difficulty was 6. You were immune to cold. You were immune to sleep. You were magic-protected. You saw invisible. You had infravision. You had fixed abilities. Your luck was zero. You are dead. Vanquished creatures: a ghost 2 small mimics a giant beetle a leprechaun a brown pudding a dingo 4 snow ants a wood nymph a pony a shrieker 2 gnome lords a straw golem a giant ant a floating eye a kobold shaman a hill orc 3 giant bats a werejackal an acid blob 2 manes a large kobold a cave spider a green mold 8 gnomes 3 geckos 3 jackals a kobold a goblin 3 grid bugs 3 lichens a kobold zombie 4 newts 58 creatures vanquished. Voluntary challenges: You were illiterate. You used a wielded weapon 25 times. You put on armor 3 times. You never genocided any monsters. You never polymorphed an object. You never changed form. You used no wishes. You never wrote Elbereth's name. You encountered 1 bones level. You never used any Sokoban shortcuts. Dungeon overview: The Dungeons of Doom: levels 1 to 4 Level 1 a fountain, a sink a long staircase Level 2 some fountains Level 3 an armor shop Level 4 a fountain stairs to The Gnomish Mines The Gnomish Mines: levels 5 to 6 Level 5 stairs to The Dungeons of Doom Level 6 <- You were here History has recorded: On T:1 you entered the Dungeons of Doom to retrieve the Amulet of Yendor! On T:201 you reached level 2 of The Dungeons of Doom. On T:604 you advanced to experience level 2. On T:695 you reached level 3 of The Dungeons of Doom. On T:755 you advanced to experience level 3. On T:1014 you advanced to experience level 4. On T:1055 you reached level 4 of The Dungeons of Doom. On T:1245 you advanced to experience level 5. On T:1314 you advanced to experience level 6. On T:1347 you reached level 1 of The Gnomish Mines. On T:1748 you advanced to experience level 7. On T:1906 you reached level 2 of The Gnomish Mines. Latest messages: The dagger misses the jaguar. The jaguar hits! (2x) The jaguar bites! [HP-11=33] [2 turns] The spell misses the jaguar. The jaguar hits! (2x) The jaguar bites! [HP-11=22] The spell misses the jaguar. The jaguar hits! The jaguar just misses! The jaguar bites! The jaguar hits! (2x) The jaguar bites! You die... The sack is empty. Final status: Goodbye Funifura the Wizard... You died in The Gnomish Mines on dungeon level 6 with 4425 points, and 669 pieces of gold, after 2487 moves. You were level 7 with a maximum of 44 hit points when you died.